AoeStats
← Navix de los Bosques de Lituania

Black Forest

509537967Analyzed
2v2 RM · 3d ago on Sep 27, 2026· 54m 11s· 4 players
Game mode
Random Map
Map size
Medium (4 player)
Population
200
Speed
Normal
Resources
Standard
Victory
Conquest
Starting age
Dark Age
Ending age
Imperial Age
RankedLock teamsTeams togetherTeam positionsShared explorationLock speedFull tech treeHidden civsTurbo modeCheats
Victory
Defeat
🇨🇳 Huns · China
784
+16
🇺🇸 Persians · United States
748
+18
🇨🇴 Cumans · Colombia
793
-17
777
-17
ColeEcoBOOM
0:48 Loom
15:29 Feudal Age
15:57 Horse Collar
16:03 Double-Bit Axe
18:46 Stone Mining
19:49 Gold Mining
20:47 Wheelbarrow
19:57 Town Watch
25:18 Castle Age
23:37 Fletching
23:58 Forging
24:21 Scale Barding Armor
25:11 Scale Mail Armor
25:11 Padded Archer Armor
26:04 Bow Saw
25:56 Heavy Plow
26:34 Stone Shaft Mining
26:35 Gold Shaft Mining
26:06 Bodkin Arrow
26:30 Padded Archer Armor
30:24 Town Patrol
30:40 Hand Cart
30:27 Town Patrol
34:11 Imperial Age
35:14 Crop Rotation
36:07 Two-Man Saw
36:37 Iron Casting
36:41 Chain Barding Armor
38:58 Blast Furnace
39:35 Plate Barding Armor
39:18 Caravan
39:44 Guilds
39:58 Elite War Elephant
42:26 Citadels
42:19 Kamandaran
42:55 Hoardings
42:41 Conscription
41:59 Sappers
45:24 Guard Tower
45:55 Ballistics
45:48 Masonry
45:37 Murder Holes
46:52 Chemistry
46:34 Careening
46:35 Clinker Construction
46:31 Siphons
46:16 Heated Shot
46:44 Chain Mail Armor
46:44 Leather Archer Armor
47:24 Architecture
46:20 Man-at-Arms
46:20 Pikeman
46:46 Gambesons
47:04 Squires
46:50 Arson
48:25 Dry Dock
48:10 Husbandry
48:20 Bloodlines
47:31 Light Cavalry
47:35 Cavalier
47:42 Heavy Camel Rider
49:04 Plate Mail Armor
49:14 Ring Archer Armor
50:00 Coinage
49:05 Hussar
50:41 Carvel Hull
50:32 Incendiaries
51:08 Savar
52:03 Fervor
52:09 Block Printing
51:50 Herbal Medicine
52:30 Theocracy
51:56 Devotion
54:06 Long Swordsman
54:06 Halberdier
aszsgs
0:31 Loom
13:56 Feudal Age
15:11 Horse Collar
17:47 Wheelbarrow
17:09 Gold Mining
17:57 Stone Mining
18:38 Double-Bit Axe
22:44 Castle Age
23:48 Bow Saw
23:59 Heavy Plow
28:29 Gold Shaft Mining
30:20 Caravan
34:35 Imperial Age
32:52 Hand Cart
33:12 Pikeman
33:54 Squires
34:16 Forging
34:17 Scale Barding Armor
35:42 Conscription
35:17 Halberdier
36:01 Sappers
35:55 Cavalier
36:39 Husbandry
38:25 Bloodlines
37:38 Light Cavalry
38:30 Paladin
39:41 Thumb Ring
40:49 Parthian Tactics
42:46 Heavy Cavalry Archer
43:56 Chain Barding Armor
44:12 Iron Casting
43:28 Fletching
46:05 Plate Barding Armor
47:32 Blast Furnace
46:29 Bodkin Arrow
46:35 Padded Archer Armor
50:11 Two-Man Saw
49:33 Ballistics
50:14 Chemistry
Navix de los Bosques de Lituania
5:07 Loom
15:05 Feudal Age
18:35 Wheelbarrow
20:06 Castle Age
18:19 Double-Bit Axe
19:32 Fletching
19:42 Padded Archer Armor
19:57 Forging
19:55 Horse Collar
20:39 Fishing Lines
22:42 Hand Cart
26:46 Bow Saw
27:59 Ballistics
27:51 Fortified Wall
28:08 Masonry
29:48 Heavy Plow
31:33 Gold Mining
31:33 Stone Mining
32:34 Caravan
33:04 Coinage
33:24 Bodkin Arrow
33:45 Leather Archer Armor
37:08 Imperial Age
35:22 Scale Mail Armor
36:44 Crossbowman
38:56 Chemistry
38:27 Architecture
39:39 Banking
39:13 Bracer
39:44 Ring Archer Armor
39:28 Pikeman
40:09 Squires
39:55 Arson
40:27 Chain Mail Armor
40:48 Iron Casting
40:23 Thumb Ring
39:38 Elite Skirmisher
40:41 Arbalester
43:10 Plate Mail Armor
44:23 Blast Furnace
42:49 Elite Chu Ko Nu
43:31 Great Wall
49:28 Halberdier
51:33 Man-at-Arms
Derzer
10:18 Feudal Age
14:44 Double-Bit Axe
16:40 Horse Collar
20:38 Wheelbarrow
23:48 Castle Age
23:04 Town Watch
25:00 Stone Mining
26:57 Town Patrol
27:18 Hand Cart
28:08 Bow Saw
28:01 Heavy Plow
30:09 Caravan
30:40 Coinage
31:55 Bloodlines
31:47 Gold Mining
36:48 Imperial Age
35:12 Steppe Husbandry
36:00 Gold Shaft Mining
37:36 Elite Kipchak
44:02 Conscription
46:25 Chemistry
45:26 Murder Holes
47:20 Cavalier
Connection lost

Rejoining the realm…

Still unreachable

The connection could not be restored.

Session expired

The server has moved on; the page needs a fresh start.